 Dungeon Crawl Stone Soup version 0.23.2-33-g5129a83184 (webtiles) character file.

Game seed: 18156882833529310753

1397 MaxwellSilver the Charlatan (level 8, 0/44 HPs)
             Began as a Vine Stalker Artificer on May 22, 2019.
             Was a Follower of Dithmenos.
             Succumbed to a killer bee's poison
             ... on level 7 of the Dungeon on July 23, 2019.
             The game lasted 00:26:48 (6358 turns).

MaxwellSilver the Charlatan (VSAr)                  Turns: 6358, Time: 00:26:49

Health: 0/44       AC: 12    Str: 21    XL:     8   Next: 69%
Magic:  2/13       EV: 10    Int: 13    God:    Dithmenos [*.....]
Gold:   353        SH:  0    Dex: 14    Spells: 7/7 levels left

rFire    . . .     SeeInvis +   x - +4 quarterstaff (chaos)
rCold    + . .     Gourm    +   (shield currently unavailable)
rNeg     . . .     Faith    .   v - +3 scale mail {rC+}
rPois    .         Spirit   +   (no helmet)
rElec    .         Reflect  .   w - +2 cloak
rCorr    .         Harm     .   (no gloves)
MR       +....                  (no boots)
Stlth    ++........             g - amulet of the gourmand
HPRegen  0.54/turn              E - +5 ring of strength
MPRegen  0.13/turn              F - ring of see invisible

@: lethally poisoned (0 -> -14), wreathed by umbra
A: fangs 3, regeneration 1, magic shield, antimagic bite, no potion heal 3, rot
immunity
a: Renounce Religion


You were on level 7 of the Dungeon.
You worshipped Dithmenos.
Dithmenos was aware of your devotion.
You were hungry.

You visited 2 branches of the dungeon, and saw 9 of its levels.

You collected 353 gold pieces.

Inventory:

Hand Weapons
 a - a +0 short sword
 x - a +4 quarterstaff of chaos (weapon)
 C - a +1 arbalest of flaming
Armour
 b - a +0 leather armour
 v - a +3 scale mail of cold resistance (worn)
 w - a +2 cloak (worn)
 B - the +6 large shield "Maajaon" {Str+3}
   (You found it on level 5 of the Dungeon)

   It affects your strength (+3).
Jewellery
 g - an amulet of the gourmand (around neck)
 E - a +5 ring of strength (left hand)
 F - a ring of see invisible (right hand)
Wands
 c - a wand of flame (11)
 d - a wand of enslavement (14)
 e - a wand of random effects (13)
 o - a wand of clouds (4)
Scrolls
 j - a scroll of remove curse
 k - a scroll of amnesia
 n - a scroll of identify
 q - 2 scrolls of fog
 r - a scroll of torment {unknown}
Potions
 h - 3 potions of heal wounds
 i - a potion of flight {unknown}
 l - 2 potions of lignification
 m - 2 potions of brilliance
 p - 3 potions of degeneration {unknown}
 s - 4 potions of curing
 t - 2 potions of cancellation {unknown}
 z - 2 potions of magic {unknown}
 A - a potion of agility {unknown}
 D - a potion of invisibility {unknown}
Comestibles
 f - 8 rations


   Skills:
 * Level 6.1 Fighting
 - Level 1.0 Short Blades
 - Level 2.0 Staves
 - Level 0.4 Armour
 - Level 1.7 Dodging
 + Level 5.3 Stealth
 + Level 6.1 Evocations


You had 7 spell levels left.
You didn't know any spells.
Your spell library contained the following spells:

 Spells                   Type           Power        Failure   Level  Hunger
 Beastly Appendage        Tmut           #.....       65%         1    ##.....
 Flame Tongue             Conj/Fire      #....        65%         1    ##.....
 Sticks to Snakes         Tmut           #.......     80%         2    ###....
 Throw Flame              Conj/Fire      #.....       80%         2    ###....
 Conjure Flame            Conj/Fire      #.......     95%         3    ####...
 Inner Flame              Hex/Fire       #.......     95%         3    ####...
 Spider Form              Tmut/Pois      #.........   95%         3    ####...
 Ice Form                 Ice/Tmut       #.......     100%        4    #####..
 Sticky Flame             Conj/Fire      #.......     100%        4    #####..
 Blade Hands              Tmut           #.........   100%        5    ######.
 Fireball                 Conj/Fire      #.........   100%        5    ######.


Dungeon Overview and Level Annotations

Branches:
Dungeon (8/15)             Temple (1/1) D:4
   Lair: D:8-11

Altars:
Ashenzari
Dithmenos
Elyvilon
Gozag
Hepliaklqana
Kikubaaqudgha
Makhleb
Nemelex Xobeh
Okawaru
Qazlal
Ru
Sif Muna
Trog
Uskayaw
Vehumet
Wu Jian
Xom
Yredelemnul
Zin
The Shining One

Annotations:
D:5 3 runed translucent doors, Sysandra's ghost, novice OpFi
D:6 2 transporters, appiemonkey's ghost, novice GnTm


Innate Abilities, Weirdness & Mutations

You have razor-sharp teeth.
Your natural rate of healing is unusually fast.
When hurt, damage is shared between your health and your magic reserves.
Your bite disrupts and absorbs the magic of your enemies.
Potions cannot restore your health.
You are immune to rotting.


Message History

The killer bee stings you but does no damage.
You sock the orc!
You kill the orc!
Dithmenos accepts your kill.
* * * LOW HITPOINT WARNING * * *
You feel very sick.
The killer bee stings you but does no damage.
The killer bee closely misses you. The killer bee barely misses you.
The killer bee stings you.
* * * LOW HITPOINT WARNING * * *
The killer bee misses you.
You barely miss the killer bee.
* * * LOW HITPOINT WARNING * * *
You feel very sick. The killer bee barely misses you.
The killer bee stings you but does no damage.
The killer bee barely misses you. The killer bee stings you.
The killer bee barely misses you.
You closely miss the killer bee.
You die...

##......#. .......
#........##...#...
#.............#
..#.............#.. .
..........>....... ..
..#.............. ......
##......###.... ......
#.##y..## ...
.......####@y...#.# ..
##.............#.[...)...
.
............##.........#.
...........##..........#
..................##.(...
...........#.......##....
.......#.........(.......
.......#...#............
.......##.##.......#.##


You could see 2 killer bees.

Vanquished Creatures
  A hornet (D:6)
  An ogre (D:6)
  Blork the orc (D:6)
  A big kobold (D:7)
  A bullfrog (D:6)
  A wyvern skeleton (D:6)
  2 scorpions (D:5)
  4 wights (D:5)
  2 crimson imps (D:5)
  A hound (D:7)
  Crazy Yiuf (D:2)
  Terence (D:2)
  3 worker ants
  A hound zombie (D:5)
  13 adders
  4 gnolls
  2 shadow imps
  3 oozes
  An adder skeleton (D:5)
  6 worms
  3 dart slugs
  3 leopard geckos
  7 orcs
  7 bats
  9 giant cockroaches
  11 goblins
  15 hobgoblins
  18 jackals
  13 kobolds
  6 quokkas
  A ball python (D:2)
  8 frilled lizards
  A jackal skeleton (D:4)
  8 rats
160 creatures vanquished.

Notes
Turn   | Place    | Note
-------+----------+-------------------------------------------
     0 | D:1      | MaxwellSilver the Vine Stalker Artificer began the quest
                  | for the Orb.
     0 | D:1      | Reached XP level 1. HP: 9/9 MP: 3/3
    80 | D:1      | Reached XP level 2. HP: 6/14 MP: 3/5
   703 | D:1      | Reached XP level 3. HP: 14/17 MP: 4/6
   765 | D:1      | Reached skill level 1 in Fighting
  1063 | D:1      | Upgraded the game from 0.23.2-1-ga50397a to
                  | 0.23.2-33-g5129a83184
  1333 | D:1      | Reached skill level 1 in Short Blades
  1749 | D:1      | Gained mutation: Your natural rate of healing is unusually
                  | fast. [Vine Stalker growth]
  1749 | D:1      | Reached XP level 4. HP: 18/22 MP: 5/7
  2052 | D:2      | Noticed Terence
  2631 | D:2      | Killed Terence
  2631 | D:2      | Reached XP level 5. HP: 7/27 MP: 3/9
  2731 | D:2      | Found a runed translucent door.
  2732 | D:2      | Noticed Crazy Yiuf
  2739 | D:2      | Killed Crazy Yiuf
  2931 | D:3      | Reached XP level 6. HP: 30/32 MP: 10/10
  2946 | D:3      | Reached skill level 1 in Staves
  3128 | D:3      | Found a white marble altar of Elyvilon.
  3187 | D:3      | Found a faded altar of an unknown god.
  3292 | D:4      | Found a staircase to the Ecumenical Temple.
  3380 | Temple   | Entered the Ecumenical Temple
  3753 | Temple   | Became a worshipper of Dithmenos the Shadowed
  4108 | D:4      | Found a radiant altar of Vehumet.
  4194 | D:5      | Entered Level 5 of the Dungeon
  4364 | D:5      | Reached skill level 5 in Evocations
  4370 | D:5      | Reached XP level 7. HP: 34/37 MP: 9/11
  4418 | D:5      | Found an ornate altar of the Wu Jian Council.
  4715 | D:5      | Found a runed translucent gate.
  4719 | D:5      | Found a runed translucent gate.
  4719 | D:5      | Found a runed translucent gate.
  4749 | D:5      | Got a faintly glowing large shield
  4795 | D:5      | Found an opulent altar of Gozag.
  4795 | D:5      | Noticed Sysandra's ghost (novice OpFi)
  4796 | D:5      | Noticed a basilisk
  5191 | D:5      | Reached * piety under Dithmenos
  5331 | D:5      | Found a basalt altar of Yredelemnul.
  5334 | D:5      | Found a radiant altar of Vehumet.
  5337 | D:5      | Found a deep blue altar of Sif Muna.
  5389 | D:6      | Reached skill level 5 in Fighting
  5389 | D:6      | Gained mutation: You have razor-sharp teeth. [Vine Stalker
                  | growth]
  5389 | D:6      | Reached XP level 8. HP: 19/43 MP: 4/13
  5589 | D:5      | Identified the +6 large shield "Maajaon" {Str+3} (You found
                  | it on level 5 of the Dungeon)
  5666 | D:6      | Found a glowing silver altar of Zin.
  5752 | D:6      | Found a transporter.
  5752 | D:6      | Noticed appiemonkey's ghost (novice GnTm)
  5755 | D:6      | Found a transporter.
  5756 | D:6      | Noticed a hornet
  5758 | D:6      | Noticed Blork the orc
  5766 | D:6      | Killed Blork the orc
  6209 | D:7      | Noticed a hornet
  6225 | D:6      | Killed a hornet
  6225 | D:6      | Reached skill level 5 in Stealth
  6357 | D:7      | HP: 1/44 [poisoned by a killer bee]
  6358 | D:7      | Succumbed to a killer bee's poison

Skill      XL: |  1  2  3  4  5  6  7  8 |
---------------+-------------------------+-----
Evocations     | 3 4 5 6 |  6.1
Fighting       | 1 2 3 5 6 |  6.1
Short Blades   | 1 |  1.0
Staves         | 2 |  2.0
Stealth        | 2 3 5 |  5.3
Armour         | |  0.4
Dodging        | |  1.7

Action                   |  1- 3 |  4- 6 |  7- 9 || total
-------------------------+-------+-------+-------++-------
Melee: Short sword       |   123 |   145 |       ||   268
       Bite              |    28 |    74 |    30 ||   132
       Quarterstaff      |       |   124 |   114 ||   238
Evoke: Wand              |     4 |    10 |     4 ||    18
  Use: Scroll            |       |       |    13 ||    13
 Stab: Sleeping          |     4 |     1 |       ||     5
       Paralysed         |       |     2 |       ||     2
  Eat: Chunk             |     2 |    10 |     5 ||    17
Armor: Leather armour    |    33 |    22 |       ||    55
       Scale mail        |       |    51 |    71 ||   122
Dodge: Dodged            |    86 |   134 |    95 ||   315
